 Dungeon Crawl Stone Soup version 0.31-a0-271-gb88eb75e06 (webtiles) character file.

Game seed: 14267932318769686755

536 qw the Shooter (level 7, -2/43 HPs)
             Began as a Gargoyle Hexslinger on July 14, 2023.
             Killed from afar by Natasha (6 damage)
             ... with a magic dart
             ... on level 4 of the Dungeon.
             The game lasted 00:01:17 (3052 turns).

qw the Shooter (Gargoyle Hexslinger)                Turns: 3052, Time: 00:01:17

Health: -2/43      AC: 10    Str: 11      XL:     7   Next: 25%
Magic:  8/8        EV: 10    Int: 12 (14) God:
Gold:   236        SH:  0    Dex: 12 (14) Spells: 7/8 levels left

rFire   . . .        Y - +1 sling
rCold   + . .        (no shield)
rNeg    + . .        d - +0 ring mail
rPois   inf          (no helmet)
rElec   +            (no cloak)
rCorr   .            (no gloves)
SInv    .            (no boots)
Will    .....        l - amulet of faith
Stlth   +            a - ring of protection from cold
HPRegen 0.27/turn    (no ring)
MPRegen 0.11/turn

%: faith
@: slowed, very slow
A: sickness immunity, AC +4, negative energy resistance 1, electricity
resistance, torment resistance 1, petrification resistance
a: no special abilities


You were on level 4 of the Dungeon.
You visited 1 branch of the dungeon, and saw 4 of its levels.

You collected 236 gold pieces.


Innate Abilities, Weirdness & Mutations

You are immune to sickness and miasma.
Your stone body is resilient. (AC +4)
You are immune to poison.
You resist negative energy. (rN+)
You are resistant to electric shocks. (rElec)
You are resistant to unholy torment.
You are immune to petrification.


   Skills:
 - Level 4.1 Fighting
 + Level 6.1 Ranged Weapons
 - Level 2.5 Armour
 - Level 1.5 Dodging
 - Level 1.0 Spellcasting
 - Level 2.6 Hexes


You had 7 spell levels left.
You knew the following spells:

 Your Spells              Type           Power      Damage    Failure   Level
a - Slow                  Hex            28%        N/A       24%         1

Your spell library contained the following spells:

 Spells                   Type           Power      Damage    Failure   Level
 Inner Flame              Hex/Fire       3%         N/A       77%         3
 Portal Projectile        Hex/Tloc       6%         N/A       77%         3
 Cause Fear               Hex            3%         N/A       93%         4

Inventory:

Hand Weapons
 Y - a +1 sling (weapon)
Armour
 d - a +0 ring mail (worn)
Jewellery
 a - a ring of protection from cold (left hand)
 l - an amulet of faith (around neck)
Scrolls
 e - a scroll of identify
Potions
 b - 5 potions of curing
 f - a potion of haste
 h - a potion of heal wounds {unknown}

Dungeon Overview and Level Annotations

Branches:
Dungeon (4/15)
 Temple: D:4-7

Altars:

Annotations:
D:2 1 runed translucent door, Crazy Yiuf
D:4 Natasha


Message History

The iguana bites you! Natasha barely misses you. The iguana closely misses you.
You shoot a sling bullet.
The sling bullet barely misses the iguana.
Natasha claws you. The iguana barely misses you. Natasha barely misses you.
You shoot a sling bullet.
The sling bullet barely misses the iguana.
The iguana misses you. Natasha claws you but does no damage.
You shoot a sling bullet. The sling bullet hits the iguana.
You kill the iguana!
Natasha closely misses you.
You feel your intelligence returning.
Your Fighting skill increases to level 4!
You shoot a sling bullet.
The sling bullet closely misses Natasha.
Natasha claws you but does no damage.
You shoot a sling bullet.
The sling bullet closely misses Natasha.
Natasha barely misses you. Natasha claws you but does no damage.
You shoot a sling bullet. The sling bullet barely misses Natasha.
Natasha misses you.
You shoot a sling bullet.
The sling bullet hits Natasha but does no damage.
Natasha closely misses you.
You shoot a sling bullet. The sling bullet hits Natasha.
Natasha is lightly wounded.
Natasha stares at you and mumbles some strange words.
You feel yourself slow down.
You shoot a sling bullet. The sling bullet hits Natasha.
Natasha is moderately wounded.
Natasha wildly gestures.
Natasha shimmers violently.
Natasha claws you. x2
You shoot a sling bullet. The sling bullet misses Natasha.
Natasha claws you! Natasha closely misses you.
You shoot a sling bullet.
The sling bullet closely misses Natasha.
Natasha closely misses you. Natasha casts a spell at you.
The magic dart hits you.
You die...

....# ...............
....# ...............
###'# .............
##..#########.........#
......#.....#.........#
......#.....#.........#
......#.....#.........#
##..###'#####.........#
#######...#.....@######
....'.....#....h.%!..!..
....#.....#......#...?..
....#.....'......#......
###########......# ..###
.....#'## ..# .....#...
.. ......#.... ...
......# ...


You could see Natasha.

Vanquished Creatures
  Sigmund (D:2)
  An ogre (D:4)
  A phantom (D:3)
  A jelly (D:4)
  An iguana (D:4)
  Natasha (twice) (D:4)
  2 adders
  4 dart slugs
  An orc (D:4)
  9 endoplasms
  4 giant cockroaches
  5 goblins
  4 hobgoblins
  4 kobolds
  4 quokkas (D:1)
  7 ball pythons
  7 bats
  4 frilled lizards
  12 rats
74 creatures vanquished.

Notes
Turn   | Place    | Note
-------+----------+-------------------------------------------
     0 | D:1      | qw the Gargoyle Hexslinger began the quest for the Orb.
     0 | D:1      | Reached XP level 1. HP: 12/12 MP: 2/2
     0 | D:1      | 0 ||| qw: Version: 0.3-a-52-g30416fa
     0 | D:1      | 0 ||| qw: Game counter: 7952
     0 | D:1      | 0 ||| qw: Melee chars always use a shield: true
     0 | D:1      | 0 ||| qw: God list: Okawaru
     0 | D:1      | 0 ||| qw: Allow faded altars: false
     0 | D:1      | 0 ||| qw: Do Orc after clearing Dungeon:15 true
     0 | D:1      | 0 ||| qw: Do second Lair branch before Depths: true
     0 | D:1      | 0 ||| qw: Lair rune preference: random
     0 | D:1      | 0 ||| qw: Goals: Normal
     0 | D:1      | 0 ||| PLANNING D:1-11
    83 | D:1      | Found a faded altar of an unknown god.
   103 | D:1      | Reached XP level 2. HP: 16/16 MP: 3/3
   148 | D:1      | 148 ||| DROPPING scroll of poison.
   186 | D:1      | Reached skill level 3 in Ranged Weapons
   311 | D:1      | 311 ||| Stepping ~*~*~tactically~*~*~ (water).
   313 | D:1      | 313 ||| Stepping ~*~*~tactically~*~*~ (water).
   358 | D:1      | Reached XP level 3. HP: 21/21 MP: 4/4
   734 | D:1      | 734 ||| UPGRADING to +0 ring mail.
   744 | D:1      | 744 ||| DROPPING +0 robe.
   745 | D:1      | 745 ||| READING scroll labelled VOFFYRA PEDAY.
   746 | D:1      | 746 ||| DRINKING 2 sedimented coppery potions.
  1200 | D:2      | Noticed Sigmund
  1213 | D:2      | Killed Sigmund
  1214 | D:2      | Reached skill level 5 in Ranged Weapons
  1214 | D:2      | Reached XP level 4. HP: 14/26 MP: 5/5
  1214 | D:2      | Reached XP level 5. HP: 16/30 MP: 6/6
  1393 | D:2      | Found a runed translucent door.
  1394 | D:2      | Noticed Crazy Yiuf
  1567 | D:2      | 1567 ||| UPGRADING to ring of protection from cold.
  1568 | D:2      | 1568 ||| READING 2 scrolls labelled COLOEWAATI.
  1569 | D:2      | 1569 ||| READING scroll labelled NIUMYA TEQIRA.
  1711 | D:3      | Noticed a phantom
  1731 | D:3      | Killed a phantom
  1732 | D:3      | Reached XP level 6. HP: 27/35 MP: 7/7
  2492 | D:3      | 2492 ||| UPGRADING to amulet of faith.
  2497 | D:3      | 2497 ||| READING scroll labelled KENUCO NANOTZ.
  2498 | D:3      | 2498 ||| READING scroll labelled HAFRYO BOICUC.
  2499 | D:3      | 2499 ||| READING scroll labelled DIMIMM WIERR.
  2500 | D:3      | 2500 ||| DRINKING 3 sedimented blue potions.
  2501 | D:3      | 2501 ||| READING 3 scrolls of identify.
  2501 | D:3      | 2501 ||| IDENTIFYING dark potion
  2502 | D:3      | 2502 ||| READING 2 scrolls of identify.
  2502 | D:3      | 2502 ||| IDENTIFYING orange potion
  2503 | D:3      | 2503 ||| DROPPING potion of brilliance.
  2504 | D:3      | 2504 ||| DROPPING 2 potions of degeneration.
  2526 | D:4      | HP: 4/36 [ogre/+0 giant club (32)]
  2529 | D:4      | Reached skill level 3 in Fighting
  2544 | D:4      | HP: 7/37 [orc/+0 whip (2)]
  2708 | D:4      | Noticed Natasha
  2716 | D:4      | Killed Natasha
  2717 | D:4      | Reached XP level 7. HP: 31/41 MP: 8/8
  2733 | D:4      | Reached skill level 6 in Ranged Weapons
  2855 | D:4      | Noticed Natasha
  2866 | D:4      | Killed Natasha
  3033 | D:4      | Noticed Natasha
  3051 | D:4      | HP: 3/43 [Natasha (8)]
  3052 | D:4      | Killed from afar by Natasha

Levels and vault maps discovered:
D:1:      zelgadis_glass_arrival_small, layout_loops_ring,
          shapermc_ecumenical_altar_rom_forum, dreamdust_mushroom_princess,
          st_stairs_9, serial_bayou_ford_a
D:2:      layout_loops_ring, nicolae_elevator_lobby_plus, uniq_sigmund,
          uniq_crazy_yiuf_cottage
D:3:      layout_loops_ring, serial_aquarium, aquarium_bridge_straight
          [aquarium_subvault_bridge, aquarium_subvault_wall,
          aquarium_subvault_bridge, aquarium_subvault_wall],
          aquarium_bridge_square [aquarium_subvault_bridge,
          aquarium_subvault_bridge, aquarium_subvault_window,
          aquarium_subvault_bridge], aquarium_window_1, aquarium_window_1,
          aquarium_window_corner, aquarium_view_2c, corner_web_ring,
          minmay_hedge_maze, minmay_misc_feat_nine_boxes, st_stairs_10,
          minmay_increasing_density
D:4:      layout_gridville, mainiacjoe_overflow_paths, uniq_natasha

Skill      XL: |  1  2  3  4  5  6  7 |
---------------+----------------------+-----
Ranged Weapons | 3 5 6 |  6.1
Fighting       | 2 3 4 |  4.1
Armour         | 2 |  2.5
Dodging        | |  1.5
Spellcasting   | |  1.0
Hexes          | |  2.6

Action                     |  1- 3 |  4- 6 |  7- 9 || total
---------------------------+-------+-------+-------++-------
   Fire: Sling             |   138 |   117 |    52 ||   307
    Use: Scroll            |     1 |     7 |       ||     8
         Potion            |     1 |     1 |       ||     2
 Armour: Robe              |     7 |       |       ||     7
         Ring mail         |    24 |    41 |    13 ||    78
  Dodge: Dodged            |    43 |    57 |    39 ||   139

Table legend:
 A = Non-vault XP
 B = Vault XP
 C = Vault XP percentage of total XP
 D = Non-vault monster count
 E = Vault monster count
 F = Vault count percentage of total count
                 A         B        C        D         E       F
            +---------+---------+-------+---------+---------+-------
      Total |     483 |     283 |  36.9 |      57 |      17 |  23.0
            +---------+---------+-------+---------+---------+-------
        D:1 |      43 |       5 |  10.4 |      25 |       3 |  10.7
        D:2 |      31 |     226 |  87.9 |      13 |       1 |   7.1
        D:3 |     138 |      17 |  11.0 |      12 |      12 |  50.0
        D:4 |     271 |      35 |  11.4 |       7 |       1 |  12.5
            +---------+---------+-------+---------+---------+-------
